 Dungeon Crawl Stone Soup version 0.31.0-12-g77e489cdc1 (webtiles) character file.

Game seed: 3598351896622364514

81 Ekaitz the Firebug (level 4, 0/32 HPs)
             Began as a Demonspawn Fire Elementalist on Feb 26, 2024.
             Slain by a gnoll
             ... wielding a +0 flail
              (7 damage)
             ... on level 2 of the Dungeon.
             The game lasted 00:06:09 (1866 turns).

Ekaitz the Firebug (Demonspawn Fire Elementalist)   Turns: 1866, Time: 00:06:09

Health: 0/32       AC:  2    Str: 14    XL:     4   Next: 20%
Magic:  0/7        EV: 12    Int: 18    God:
Gold:   56         SH:  0    Dex: 13    Spells: 2/7 levels left

rFire   . . .        n - +0 dagger
rCold   . . .        (no shield)
rNeg    . . .        a - +0 robe
rPois   .            (helmet restricted)
rElec   .            (no cloak)
rCorr   .            (no gloves)
SInv    .            (no boots)
Will    .....        (no amulet)
Stlth   ++           g - +6 ring of strength
HPRegen 0.25/turn    (no ring)
MPRegen 0.10/turn

%: no passive effects
@: no status effects
A: antennae 1, demonic magic 2
a: no special abilities


You were on level 2 of the Dungeon.
You visited 1 branch of the dungeon, and saw 2 of its levels.

You collected 56 gold pieces.

Inventory:

Hand Weapons
 m - a +2 vampiric spear
 n - a +0 dagger (weapon)
Armour
 a - a +0 robe (worn)
Jewellery
 g - a +6 ring of strength (left hand)
Scrolls
 c - 2 scrolls of enchant weapon {unknown}
 e - 3 scrolls of identify {unknown}
 h - a scroll of immolation {unknown}
 j - a scroll of brand weapon {unknown}
 l - a scroll of summoning {unknown}
Potions
 b - a potion of magic
 d - 3 potions of curing {unknown}
 f - a potion of might {unknown}
 i - a potion of lignification {unknown}
 k - a potion of haste {unknown}


   Skills:
 * Level 1.0 Fighting
 + Level 1.8 Dodging
 + Level 1.8 Stealth
 + Level 2.4 Spellcasting
 + Level 1.3 Conjurations
 * Level 0.3 Translocations
 * Level 4.0 Fire Magic


You had 2 spell levels left.
You knew the following spells:

 Your Spells              Type           Power      Damage    Failure   Level
a - Foxfire               Conj/Fire      44%        2x1d6     6%          1
b - Scorch                Fire           32%        2d6       4%          2
k - Blink                 Tloc           6%         N/A       22%         2

Your spell library contained the following spells:

 Spells                   Type           Power      Damage    Failure   Level
 Magic Dart               Conj           28%        1d4       10%         1
 Call Imp                 Summ           4%         N/A       26%         2
 Inner Flame              Hex/Fire       9%         N/A       22%         3
 Volatile Blastmotes      Fire/Tloc      18%        2d11      22%         3
 Flame Wave               Conj/Fire      11%        2d6       50%         4


Dungeon Overview and Level Annotations

Branches:
Dungeon (2/15)

Altars:


Innate Abilities, Weirdness & Mutations

You have a pair of small antennae on your head.
Spells you cast may paralyse nearby enemies.


Message History

Unknown command.
Casting: Foxfire (safe; 6% risk of failure)
Confirm with . or Enter, or press ? or * to list all spells.
You conjure some foxfire!
Malevolent energies surge around you. The gnoll hits you with a +0 flail!
You hit the gnoll but do no damage.
The foxfire hits the gnoll.
The gnoll is lightly wounded.
The foxfire hits the gnoll.
The gnoll is moderately wounded.
The gnoll completely misses you.
Unknown command.
You closely miss the gnoll.
The gnoll is moderately wounded.
The gnoll hits you with a +0 flail.
You hit the gnoll but do no damage.
The gnoll is moderately wounded.
The gnoll hits you with a +0 flail.
You hit the gnoll but do no damage.
The gnoll is moderately wounded.
The gnoll barely misses you.
Casting: Foxfire (safe; 6% risk of failure)
Confirm with . or Enter, or press ? or * to list all spells.
You conjure some foxfire!
Malevolent energies surge around you. The gnoll hits you with a +0 flail!
* * * LOW HITPOINT WARNING * * *
Unknown command.
The foxfire hits the gnoll but does no damage.
The gnoll is moderately wounded.
The foxfire hits the gnoll.
The gnoll is heavily wounded.
Unknown command.
You barely miss the gnoll.
The gnoll is heavily wounded.
The gnoll barely misses you.
You barely miss the gnoll.
The gnoll is heavily wounded.
The gnoll closely misses you. The gnoll attacks as it pursues you!
The gnoll barely misses you. The gnoll attacks as it pursues you!
The gnoll hits you with a +0 flail!
You die...

..........##.##........g.#
..........##.##..........###.
..........##.##......†.).....
>.........##.##..........#...
.............................
........................#.##.
##.###.................##.#
#)# #...........####### # #.#
##........g@.......
##g####..).......####...
.....##..........#
.....##.........##
.................#
.....##.....>....#
#######......)...#
#..........# #..........#


You could see a gnoll.

Vanquished Creatures
  An adder (D:2)
  2 gnolls (D:2)
  2 dart slugs (D:2)
  2 ribbon worms (D:2)
  2 ball pythons
  5 bats
  5 endoplasms
  2 giant cockroaches (D:1)
  3 goblins
  2 hobgoblins (D:2)
  6 jackals
  2 quokkas (D:1)
  4 frilled lizards
  A rat (D:1)
39 creatures vanquished.

Vanquished Creatures (others)
  165 foxfires
165 creatures vanquished.

Grand Total: 204 creatures vanquished

Notes
Turn   | Place    | Note
-------+----------+-------------------------------------------
     0 | D:1      | Ekaitz the Demonspawn Fire Elementalist began the quest for
                  | the Orb.
     0 | D:1      | Reached XP level 1. HP: 13/13 MP: 3/3
   233 | D:1      | Reached skill level 3 in Fire Magic
   300 | D:1      | Gained mutation: You have a pair of small antennae on your
                  | head. [demonic ancestry]
   300 | D:1      | Reached XP level 2. HP: 20/20 MP: 1/5
   303 | D:1      | Learned a level 2 spell: Scorch
   396 | D:1      | Learned a level 2 spell: Blink
   482 | D:1      | Reached skill level 1 in Fighting
  1235 | D:2      | Gained mutation: Spells you cast may paralyse adjacent
                  | enemies. [demonic ancestry]
  1235 | D:2      | Reached XP level 3. HP: 26/26 MP: 2/6
  1834 | D:2      | Gained mutation: Spells you cast may paralyse nearby
                  | enemies. [demonic ancestry]
  1834 | D:2      | Reached XP level 4. HP: 32/32 MP: 2/7
  1850 | D:2      | Reached skill level 4 in Fire Magic
  1866 | D:2      | Slain by a gnoll

Illustrated notes

Levels and vault maps discovered:
D:1:      minmay_arrival_solitary_statue, layout_loops_cross
D:2:      layout_rooms

Skill      XL: |  1  2  3  4 |
---------------+-------------+-----
Fire Magic     | 3 4 |  4.0
Fighting       | 1 |  1.0
Dodging        | |  1.8
Stealth        | |  1.8
Spellcasting   | |  2.4
Conjurations   | |  1.3
Translocations | |  0.3

Action                     |  1- 3 |  4- 6 || total
---------------------------+-------+-------++-------
  Melee: Unarmed           |     3 |       ||     3
         Dagger            |       |     6 ||     6
   Cast: Foxfire           |    86 |     5 ||    91
         Scorch            |     4 |       ||     4
 Armour: Robe              |    22 |     5 ||    27
  Dodge: Dodged            |    22 |     5 ||    27
